 Dungeon Crawl Stone Soup version 0.21.1-1-g345015f (webtiles) character file.

1681 Kagorn the Skirmisher (level 8, 0/80 HPs)
             Began as a Troll Monk on July 6, 2018.
             Slain by a phantom (9 damage)
             ... on level 6 of the Dungeon.
             The game lasted 00:43:41 (4441 turns).

Kagorn the Skirmisher (Troll Monk)                  Turns: 4441, Time: 00:43:41

Health: 0/80       AC:  7    Str: 22    XL:     8   Next: 71%
Magic:  7/7        EV: 13    Int:  6    God:
Gold:   426        SH:  0    Dex: 12    Spells: 7/7 levels left

rFire    . . .     SeeInvis .   h - +3 dagger (freeze)
rCold    . . .     Gourm    +   (no shield)
rNeg     . . .     Faith    .   e - +0 robe
rPois    +         Spirit   .   (helmet restricted)
rElec    .         Reflect  .   l - +1 cloak
rCorr    .         Harm     .   (gloves unavailable)
MR       .....                  (boots unavailable)
Stlth    ++........             (no amulet)
HPRegen  0.63/turn              C - ring of poison resistance
MPRegen  0.10/turn              n - +2 ring of evasion

@: no status effects
A: large, unfitting armour, claws 3, fast metabolism 3, gourmand, regeneration
1, shaggy fur 1, tough skin 2
a: no special abilities


You were on level 6 of the Dungeon.
You were near starving.

You visited 1 branch of the dungeon, and saw 6 of its levels.

You collected 426 gold pieces.

Inventory:

Hand Weapons
 a - a +0 mace
 d - a +0 giant club
 h - a +3 dagger of freezing (weapon)
 i - a +0 whip
 y - the +6 shortbow "Ihoess" {freeze, Str+2 Int+4 Dex+3}
   (You found it on level 4 of the Dungeon)

   It causes projectiles fired from it to freeze those they strike, causing
   extra injury to most foes and up to half again as much damage against
   particularly susceptible opponents.
   They can also slow down cold-blooded creatures.
   It affects your strength (+2).
   It affects your intelligence (+4).
   It affects your dexterity (+3).
Missiles
 k - 5 large rocks (quivered)
Armour
 e - a +0 robe (worn)
 l - a +1 cloak (worn)
Jewellery
 n - a +2 ring of evasion (right claw)
 t - an uncursed ring of positive energy
 C - a ring of poison resistance (left claw)
Wands
 q - a wand of acid (6)
 u - a wand of flame (30)
 z - a wand of digging (15)
 A - a wand of polymorph (11)
Scrolls
 b - 3 scrolls of identify
 j - a scroll of remove curse
 s - a scroll of random uselessness
 w - a scroll of enchant armour
 x - a scroll of amnesia
 E - a scroll of blinking
Potions
 f - 2 potions of curing
 g - a potion of haste {unknown}
 m - a potion of magic {unknown}
 o - 2 potions of resistance {unknown}
 p - a potion of invisibility {unknown}
 r - a potion of brilliance {unknown}
Books
 v - a book of Misfortune

   Spells                             Type                      Level
   a - Confusing Touch                Hexes                        1
   b - Confuse                        Hexes                        3
   c - Gell's Gravitas                Translocation                3
   d - Petrify                        Transmutation/Earth          4
   e - Metabolic Englaciation         Hexes/Ice                    5
   f - Yara's Violent Unravelling     Hexes/Transmutation          5
 B - a book of Minor Magic

   Spells                             Type                      Level
   a - Magic Dart                     Conjuration                  1
   b - Blink                          Translocation                2
   c - Call Imp                       Summoning                    2
   d - Slow                           Hexes                        2
   e - Conjure Flame                  Conjuration/Fire             3
   f - Mephitic Cloud                 Conjuration/Poison/Air       3
Comestibles
 c - 15 rations


   Skills:
 * Level 5.3 Fighting
 * Level 3.8 Short Blades
 - Level 3.7 Maces & Flails
 + Level 2.7 Throwing
 + Level 3.0 Armour
 + Level 4.0 Dodging
 + Level 2.5 Stealth


You had 7 spell levels left.
You didn't know any spells.

Dungeon Overview and Level Annotations

Branches:
Dungeon (6/15)
 Temple: D:4-7

Altars:

Shops:
D:5 ?

Annotations:
D:5 Pikel


Innate Abilities, Weirdness & Mutations

You are too large for most types of armour.
You have claws for hands.
Your metabolism is lightning-fast.
You like to eat raw meat.
Your natural rate of healing is unusually fast.
You are covered in fur. (AC +1)
You have very tough skin. (AC +2)


Message History

The phantom barely misses you.
You hit the phantom.
The phantom is moderately damaged.
The phantom misses you.
You closely miss the phantom.
The phantom is moderately damaged.
The phantom hits you.
* * * LOW HITPOINT WARNING * * *
You hit the phantom.
The phantom is moderately damaged.
You barely miss the phantom.
The phantom is moderately damaged.
The phantom misses you.
You closely miss the phantom.
The phantom is moderately damaged.
The phantom misses you.
You barely miss the phantom.
The phantom is moderately damaged.
The phantom hits you!
You die...

#############
............#####
.................
........[...#
.......W@...#
.........#+##
........<#
.........#
..........
...........
###########


You could see a phantom.

Vanquished Creatures
  2 sky beasts (D:5)
  3 ogres
  A slave (D:6)
  A phantom (D:3)
  7 big kobolds (D:5)
  A scorpion (D:4)
  A howler monkey (D:4)
  A centaur zombie (D:5)
  4 crimson imps (D:5)
  A bullfrog zombie (D:5)
  A jelly (D:5)
  An orc priest (D:3)
  A bullfrog skeleton (D:5)
  A centaur skeleton (D:4)
  An orc wizard (D:3)
  A hound skeleton (D:5)
  A gnoll (D:4)
  4 adders (D:2)
  3 oozes (D:4)
  An adder zombie (D:5)
  An adder skeleton (D:4)
  6 worms (D:2)
  5 dart slugs
  2 leopard geckos (D:2)
  13 orcs
  3 ball pythons
  5 giant cockroaches
  6 goblins
  11 hobgoblins
  10 jackals
  6 bats
  10 frilled lizards
  46 kobolds
  A quokka zombie (D:4)
  13 rats
175 creatures vanquished.

Notes
Turn   | Place    | Note
-------+----------+-------------------------------------------
     0 | D:1      | Kagorn the Troll Monk began the quest for the Orb.
     0 | D:1      | Reached XP level 1. HP: 22/22 MP: 0/0
   227 | D:1      | Reached XP level 2. HP: 17/29 MP: 1/1
   594 | D:1      | Reached XP level 3. HP: 31/36 MP: 2/2
  1107 | D:2      | Reached skill level 3 in Fighting
  1182 | D:2      | Reached XP level 4. HP: 33/45 MP: 3/3
  1318 | D:2      | Reached skill level 1 in Armour
  1688 | D:3      | Reached XP level 5. HP: 28/53 MP: 4/4
  1751 | D:3      | Noticed a phantom
  2132 | D:3      | Killed a phantom
  2132 | D:3      | Reached XP level 6. HP: 62/62 MP: 5/5
  2625 | D:4      | Reached skill level 1 in Short Blades
  2632 | D:4      | Reached skill level 1 in Throwing
  2729 | D:4      | Reached skill level 4 in Fighting
  2734 | D:4      | Reached XP level 7. HP: 52/70 MP: 6/6
  2759 | D:4      | Noticed a wyvern
  2854 | D:4      | Got a crystal shortbow
  3314 | D:5      | Entered Level 5 of the Dungeon
  3425 | D:5      | Noticed Pikel
  3717 | D:5      | Reached XP level 8. HP: 51/79 MP: 7/7
  3782 | D:5      | Reached skill level 5 in Fighting
  4216 | D:5      | Found Foeg's Magic Scroll Emporium.
  4281 | D:5      | Identified the +6 shortbow "Ihoess" {freeze, Str+2 Int+4 Dex+3} (You found it on level 4 of the Dungeon)
  4441 | D:6      | Slain by a phantom

Skill      XL: |  1  2  3  4  5  6  7  8 |
---------------+-------------------------+-----
Maces & Flails | 3 |  3.7
Fighting       | 3 4 5 |  5.3
Armour         | 1 2 3 |  3.0
Dodging        | 3 4 |  4.0
Short Blades   | 1 2 3 |  3.8
Throwing       | 1 2 |  2.7
Stealth        | 2 |  2.5

Action                   |  1- 3 |  4- 6 |  7- 9 || total
-------------------------+-------+-------+-------++-------
Melee: Mace              |   137 |   218 |       ||   355
       Dagger            |       |    77 |   386 ||   463
  Use: Scroll            |     1 |     6 |     6 ||    13
       Potion            |       |     4 |     1 ||     5
 Stab: Sleeping          |     2 |     3 |     2 ||     7
  Eat: Chunk             |    17 |    15 |     6 ||    38
Armor: Robe              |    99 |   131 |   137 ||   367
Dodge: Dodged            |   141 |   238 |   320 ||   699
